 Dungeon Crawl Stone Soup version 0.20-a0-830-g2c9a30d (webtiles) character file.

776 M4edhros the Slasher (level 7, -5/49 HPs)
             Began as an Octopode Fighter on Mar 7, 2017.
             Was an Initiate of Gozag.
             Slain by a sky beast (6 damage)
             ... on level 5 of the Dungeon.
             The game lasted 00:02:49 (2951 turns).

M4edhros the Slasher (Octopode Fighter)             Turns: 2951, Time: 00:02:51

Health: -5/49      AC:  1    Str: 16    XL:     7   Next: 84%
Magic:  7/7        EV: 13    Int: 10    God:    Gozag
Gold:   602        SH:  9    Dex: 13    Spells: 6/6 levels left

rFire    + + .     SeeInvis .   a - +0 long sword
rCold    . . .     Gourm    .   b - +0 shield
rNeg     . . .     Faith    .   (helmet restricted)
rPois    .         Spirit   .   n - amulet of magic regeneration
rElec    .         Reflect  .   h - ring of protection from fire
rCorr    .         Harm     .   (no ring)
MR       .....                  t - ring of protection from fire
Stlth    ++........             (no ring)
Regen    0.2/turn               (no ring)
MPRegen  0.2/turn               (no ring)
                                (no ring)
                                (no ring)

@: no status effects
A: almost no armour, stealthy swim, amphibious, 8 rings, constrict 8, camouflage
1, gelatinous body 1
a: Potion Petition, Call Merchant, Bribe Branch, Renounce Religion


You were on level 5 of the Dungeon.
You worshipped Gozag.
Gozag was pleased with you.
You were not hungry.

You visited 2 branches of the dungeon, and saw 6 of its levels.

You collected 617 gold pieces.
You paid 15 gold pieces to Gozag.

Inventory:

Hand Weapons
 a - a +0 long sword (weapon)
Armour
 b - a +0 shield (worn)
Jewellery
 h - a ring of protection from fire (left tentacle)
 n - an amulet of magic regeneration (around mantle)
 t - a ring of protection from fire (on tentacle)
Wands
 c - a wand of random effects (3/48)
Scrolls
 f - a scroll of remove curse
 g - a scroll of fear
 i - a scroll of magic mapping
 j - a scroll of blinking {unknown}
 p - 2 scrolls of identify
 s - a scroll of enchant armour {unknown}
 v - a scroll of teleportation
Potions
 e - a potion of cancellation {unknown}
 l - 3 potions of curing {unknown}
 m - 2 potions of lignification {unknown}
 o - 2 potions of mutation {unknown}
 q - a potion of brilliance {unknown}
 r - a potion of haste {unknown}
 u - a potion of heal wounds {unknown}
Comestibles
 d - a bread ration
 k - 2 meat rations


   Skills:
 + Level 4.6 Fighting
 * Level 5.6 Long Blades
 + Level 5.0 Dodging
 + Level 4.7 Shields


You had 6 spell levels left.
You didn't know any spells.

Dungeon Overview and Level Annotations

Branches:
Dungeon (5/15)             Temple (1/1) D:4

Altars:
Cheibriados
Elyvilon
Gozag
Vehumet


Innate Abilities, Weirdness & Mutations

You cannot wear most types of armour.
You are very stealthy in the water. (Stealth+)
You are amphibious.
You can wear up to eight rings at the same time.
You can use your tentacles to constrict eight enemies at once.
Your skin changes colour to match your surroundings (Stealth+).
Your rubbery body absorbs attacks. (AC +1, EV +1)


Message History

Evoke which item? (* to show all) (? for menu, Esc to quit)
Aiming: Random Effects (will waste charges)
Press: ? - help, Shift-Dir - straight line, f - sky beast
Aim: a sky beast (almost dead)
The sky beast flickers and vanishes!
Deactivating autopickup; reactivate with Ctrl-A.
Evoking this partially-identified wand wasted a few charges.
A sky beast appears from thin air!
Reactivating autopickup.
Evoke which item? (* to show all) (? for menu, Esc to quit)
Aiming: Random Effects (will waste charges)
Press: ? - help, Shift-Dir - straight line, f/p - sky beast
Aim: a sky beast (almost dead)
The sky beast resists with some effort.
Evoking this partially-identified wand wasted a few charges.
The sky beast hits you.
* * * LOW HITPOINT WARNING * * *
The sky beast shocks you.
You die...
Your body crumbles into a pile of gold.

##.#.### #.......#
###.# #.#...#.# #.#
#.......# #.# ###.#####
#+# #.# #.# #.#### #.#
#.# #.##.## #.#
####ยง###
#######.#...## #.#
#..>.Y.# #.......)....#
#.##.#@###.###)........
#.##...................
#.####.###.#.###.....#.
#.# #.# #.#.# #....##.
#.####.# #.#.###..####.
#......# #........# #.
######## ######..#####.
#........ #######
##<######


You could see a sky beast.

Vanquished Creatures
  The ghost of M4edhros the Skirmisher, an amateur OpFi (D:4)
  A phantom (D:5)
  2 ogres
  A bullfrog (D:4)
  An orc priest (D:5)
  A hound (D:5)
  An orc wizard (D:4)
  A centaur skeleton (D:4)
  2 worker ants (D:4)
  A hound skeleton (D:4)
  4 gnolls (D:4)
  3 adders
  4 dart slugs
  4 leopard geckos
  11 orcs
  8 bats
  5 goblins
  4 hobgoblins
  4 jackals (D:4)
  10 kobolds
  2 quokkas
  A ball python (D:2)
  3 frilled lizards
  A leopard gecko skeleton (D:4)
  7 rats
83 creatures vanquished.

Notes
Turn   | Place    | Note
-------+----------+-------------------------------------------
     0 | D:1      | M4edhros the Octopode Fighter began the quest for the Orb.
     0 | D:1      | Reached XP level 1. HP: 16/16 MP: 1/1
    68 | D:1      | Reached XP level 2. HP: 13/21 MP: 2/2
   314 | D:2      | Found an opulent altar of Gozag.
   349 | D:2      | Reached XP level 3. HP: 24/26 MP: 3/3
   368 | D:2      | Became a worshipper of Gozag Ym Sagoz the Greedy
  1110 | D:3      | Found a faded altar of an unknown god.
  1229 | D:3      | Reached XP level 4. HP: 31/31 MP: 4/4
  1312 | D:3      | Found a radiant altar of Vehumet.
  1421 | D:4      | Noticed M4edhros's ghost (amateur OpFi)
  1430 | D:4      | Killed M4edhros's ghost
  1430 | D:4      | Reached XP level 5. HP: 35/37 MP: 5/5
  1492 | D:4      | Found a snail-covered altar of Cheibriados.
  1492 | D:4      | Found a white marble altar of Elyvilon.
  1494 | D:4      | Noticed an ogre
  1505 | D:4      | Killed an ogre
  1505 | D:4      | Reached XP level 6. HP: 31/43 MP: 6/6
  1710 | D:4      | Found a staircase to the Ecumenical Temple.
  1756 | D:4      | Reached XP level 7. HP: 33/48 MP: 7/7
  1996 | Temple   | Entered the Ecumenical Temple
  2266 | D:4      | Reached skill level 5 in Long Blades
  2417 | D:5      | Entered Level 5 of the Dungeon
  2750 | D:5      | Reached skill level 5 in Dodging
  2926 | D:5      | HP: 2/49 [something (5)]
  2951 | D:5      | HP: 1/49 [sky beast (5)]
  2951 | D:5      | Slain by a sky beast

Vault maps used:
D:1:      saegor_arrival_simple_c, serial_bayou_lagoon_b
D:2:      grunt_gozag_statues
D:3:      vehumet_crystals, chequers_ecumenical_altar_simple
D:4:      chequers_temple_overflow_statue_of_worship,
          minmay_temple_entry_butterflies, kennysheep_generic_room_9
D:5:      nemelex_xobeh_ov_fountains_minmay, first_bread
Temple:   compressed_dpeg_circular_temple

Skill      XL: |  1  2  3  4  5  6  7 |
---------------+----------------------+-----
Long Blades    | 3 4 5 |  5.6
Dodging        | 4 5 |  5.0
Fighting       | 4 |  4.6
Shields        | 4 |  4.7

Action                   |  1- 3 |  4- 6 |  7- 9 || total
-------------------------+-------+-------+-------++-------
Melee: Long sword        |    62 |    49 |    56 ||   167
       Constrict         |    18 |    12 |    13 ||    43
       Tentacles         |    11 |    11 |    14 ||    36
Evoke: Wand              |       |     1 |     2 ||     3
  Use: Scroll            |       |     7 |       ||     7
       Potion            |       |     1 |       ||     1
 Stab: Sleeping          |    14 |     3 |     3 ||    20
       Distracted        |       |       |     1 ||     1
  Eat: Royal jelly       |       |     1 |     1 ||     2
       Bread ration      |       |       |     1 ||     1
Armor: Skin              |     4 |       |     2 ||     6
Dodge: Dodged            |    29 |    24 |    21 ||    74
Block: Shield            |    23 |    25 |    23 ||    71
       Rpst.: Long sword |     8 |     7 |     2 ||    17
